 Dungeon Crawl Stone Soup version 0.20.1-1-g8b1a95d (webtiles) character file.

3176 Megalobster the Destroyer (level 9, -3/51 HPs)
             Began as a Deep Elf Conjurer on July 17, 2017.
             Was a Believer of Vehumet.
             Shot with an arrow by a centaur warrior (27 damage)
             ... on level 8 of the Dungeon.
             The game lasted 00:41:34 (8994 turns).

Megalobster the Destroyer (Deep Elf Conjurer)       Turns: 8994, Time: 00:41:35

Health: -3/51      AC:  6    Str:  5    XL:     9   Next: 63%
Magic:  20/38      EV: 13    Int: 24    God:    Vehumet [**....]
Gold:   141        SH:  7    Dex: 18    Spells: 4/24 levels left

rFire    . . .     SeeInvis .   b - staff of power
rCold    . . .     Gourm    +   l - +0 shield
rNeg     . . .     Faith    .   g - +0 robe
rPois    .         Spirit   .   y - +0 helmet
rElec    .         Reflect  .   M - +0 cloak
rCorr    .         Harm     .   R - +1 pair of gloves
MR       .....                  (no boots)
Stlth    +++.......             u - amulet of the gourmand
Regen    0.2/turn               e - ring of wizardry
MPRegen  0.3/turn               w - +3 ring of dexterity

@: lethally poisoned (-3 -> -4)
A: no striking features
a: Renounce Religion


You were on level 8 of the Dungeon.
You worshipped Vehumet.
Vehumet was pleased with you.
You were completely stuffed.

You visited 2 branches of the dungeon, and saw 9 of its levels.

You collected 372 gold pieces.
You spent 231 gold pieces at shops.

Inventory:

Hand Weapons
 a - a +0 hunting sling
 P - a +2 dagger of protection
Missiles
 k - 329 stones (quivered)
 v - 135 sling bullets
Armour
 g - a +0 robe (worn)
 l - a +0 shield (worn)
 t - the +3 ring mail of Tomorrow {rF+ rC+ Int+3, unknown}
   (You found it on level 7 of the Dungeon)

   It affects your intelligence (+3).
   It protects you from fire.
   It protects you from cold.
 y - a +0 helmet (worn)
 M - a +0 cloak (worn)
 R - a +1 pair of gloves (worn)
Magical Staves
 b - an uncursed staff of power (weapon)
Jewellery
 e - a ring of wizardry (left hand)
 u - an amulet of the gourmand (around neck)
 w - a +3 ring of dexterity (right hand)
 C - an uncursed ring of flight
Wands
 h - a wand of paralysis (12/24)
 z - a wand of paralysis (13/24)
 E - a wand of flame (22/48)
Scrolls
 f - 2 scrolls of fear
 i - 3 scrolls of blinking
 m - a scroll of enchant armour
 s - a scroll of amnesia {unknown}
 B - 3 scrolls of remove curse
 I - a scroll of fog {unknown}
 J - a scroll of immolation {unknown}
 L - a scroll of enchant weapon {unknown}
 N - 3 scrolls of teleportation
 Q - 3 scrolls of magic mapping
 S - a scroll of random uselessness {unknown}
 V - a scroll of recharging {unknown}
 X - a scroll of torment {unknown}
Potions
 n - a potion of agility
 o - 3 potions of haste
 q - 2 potions of curing
 r - 2 potions of magic
 H - 2 potions of invisibility
 T - 3 potions of lignification
 W - a potion of might {unknown}
 Y - a potion of cancellation {unknown}
 Z - a potion of mutation {unknown}
Books
 d - a book of Geomancy

   Spells                             Type                      Level
   a - Sandblast                      Earth                        1
   b - Passwall                       Transmutation/Earth          2
   c - Stone Arrow                    Conjuration/Earth            3
   d - Petrify                        Transmutation/Earth          4
   e - Lee's Rapid Deconstruction     Earth                        5
 j - a book of Cantrips

   Spells                             Type                      Level
   a - Confusing Touch                Hexes                        1
   b - Animate Skeleton               Necromancy                   1
   c - Summon Small Mammal            Summoning                    1
   d - Apportation                    Translocation                1
 G - a book of Conjurations

   Spells                             Type                      Level
   a - Magic Dart                     Conjuration                  1
   b - Searing Ray                    Conjuration                  2
   c - Dazzling Spray                 Conjuration/Hexes            3
   d - Fulminant Prism                Conjuration/Hexes            4
   e - Force Lance                    Conjuration/Translocation    4
   f - Iskenderun's Mystic Blast      Conjuration                  4
Comestibles
 c - 2 bread rations
 p - 3 chunks of flesh
 x - 6 fruits
 K - 2 meat rations


   Skills:
 + Level 3.5 Fighting
 + Level 5.7 Dodging
 + Level 6.0 Stealth
 * Level 1.6 Shields
 + Level 8.0 Spellcasting
 * Level 9.7 Conjurations
 - Level 2.7 Hexes
 - Level 2.1 Translocations
 * Level 3.2 Fire Magic
 - Level 1.5 Air Magic


You had 4 spell levels left.
You knew the following spells:

 Your Spells              Type           Power        Failure   Level  Hunger
a - Magic Dart            Conj           ####         1%          1    None
b - Searing Ray           Conj           ######       1%          2    None
c - Iskenderun's Mystic   Conj           ######..     2%          4    ##.....
d - Fulminant Prism       Conj/Hex       #####.....   11%         4    ##.....
e - Force Lance           Conj/Tloc      #####...     12%         4    ##.....
f - Flame Tongue          Conj/Fire      #####        1%          1    None
g - Shock                 Conj/Air       ####         1%          1    None
h - Dazzling Spray        Conj/Hex       #####.       3%          3    None


Dungeon Overview and Level Annotations

Branches:
Dungeon (8/15)             Temple (1/1) D:7
   Lair: D:8-11

Altars:
Ashenzari
Cheibriados
Dithmenos
Elyvilon
Fedhas
Gozag
Hepliaklqana
Kikubaaqudgha
Makhleb
Nemelex Xobeh
Okawaru
Qazlal
Ru
Sif Muna
Trog
Uskayaw
Vehumet
Xom
Yredelemnul
Zin
The Shining One

Shops:
D:7 ?

Annotations:
D:3 Regnix's ghost, amateur DsNe


Message History

You start resting.
Eating one of 4 chunks of flesh.
You eat one of the 4 chunks of flesh.
This raw flesh tastes great.
You feel sick.
A centaur warrior comes into view.
Casting: Force Lance
Confirm with . or Enter, or press ? or * to list all spells.
Aiming: Searing Ray
Press: ? - help, Shift-Dir - straight line, f - centaur warrior
Aim: a centaur warrior (hasn't noticed you)
The searing ray hits the centaur warrior.
The centaur warrior is lightly wounded.
The centaur warrior shouts! (Press . to maintain the ray.)
The centaur warrior wields a longbow.
The centaur warrior shoots an arrow.
The arrow hits you!
The searing ray hits the centaur warrior.
The centaur warrior is lightly wounded.
The centaur warrior shoots an arrow.
The arrow hits you!!
Ouch! That really hurt!
You die...

.....# ##...##
.....# .....
.....# ...$.
.....# ...
.....# ...
####.# #c# #.#
#.#
#.############.#
#............@.#
################


You could see a centaur warrior.

Vanquished Creatures
  A hippogriff (D:7)
  A wraith (D:8)
  Edmund (D:5)
  A water moccasin (D:6)
  Duvessa (D:5)
  2 ice beasts (D:6)
  A sky beast (D:7)
  A necrophage (D:6)
  5 ogres
  2 phantoms
  A centaur (D:3)
  Blork the orc (D:4)
  2 bullfrogs (D:6)
  Dowan (D:5)
  A water moccasin zombie (D:8)
  A scorpion (D:4)
  2 howler monkeys (D:5)
  2 crimson imps
  A bullfrog zombie (D:4)
  A quasit (D:7)
  4 orc wizards
  A hound (D:2)
  4 jellies
  2 orc priests
  A bullfrog skeleton (D:6)
  3 iguanas
  7 worker ants
  Natasha (twice) (D:4)
  2 worker ant zombies
  2 howler monkey skeletons
  10 adders
  2 shadow imps
  An ooze (D:1)
  2 adder zombies
  An adder skeleton (D:8)
  2 worms
  2 dart slugs
  A leopard gecko (D:2)
  27 orcs
  12 bats
  5 giant cockroaches
  8 goblins
  9 hobgoblins
  6 jackals
  6 kobolds
  3 quokkas
  3 ball pythons
  2 frilled lizards
  A jackal skeleton (D:6)
  A leopard gecko skeleton (D:4)
  2 rats
163 creatures vanquished.

Vanquished Creatures (others)
  26 fulminant prisms
26 creatures vanquished.

Grand Total: 189 creatures vanquished

Notes
Turn   | Place    | Note
-------+----------+-------------------------------------------
     0 | D:1      | Megalobster the Deep Elf Conjurer began the quest for the Orb.
     0 | D:1      | Reached XP level 1. HP: 10/10 MP: 6/6
    57 | D:1      | Reached XP level 2. HP: 4/15 MP: 0/8
    61 | D:1      | Learned a level 2 spell: Searing Ray
   769 | D:1      | Reached skill level 5 in Conjurations
   846 | D:1      | Reached XP level 3. HP: 19/19 MP: 6/10
  1366 | D:2      | Found a burning altar of Makhleb.
  1476 | D:2      | Reached XP level 4. HP: 24/24 MP: 4/12
  1700 | D:2      | Found a radiant altar of Vehumet.
  2418 | D:3      | Noticed Regnix's ghost (amateur DsNe)
  2557 | D:3      | Reached skill level 5 in Spellcasting
  2557 | D:3      | Reached skill level 6 in Conjurations
  2591 | D:3      | Reached XP level 5. HP: 28/28 MP: 11/14
  2596 | D:3      | Learned a level 3 spell: Dazzling Spray
  2601 | D:3      | Learned a level 4 spell: Force Lance
  2606 | D:3      | Learned a level 4 spell: Fulminant Prism
  2772 | D:3      | Noticed a centaur
  2788 | D:3      | Killed a centaur
  2788 | D:3      | Reached skill level 1 in Hexes
  3025 | D:2      | Became a worshipper of Vehumet
  3103 | D:3      | Found a shadowy altar of Dithmenos.
  3644 | D:4      | Reached skill level 1 in Translocations
  3644 | D:4      | Reached XP level 6. HP: 32/32 MP: 11/16
  3807 | D:4      | Noticed Blork the orc
  3846 | D:4      | Noticed a hand axe
  3847 | D:4      | Noticed a dagger
  3847 | D:4      | Found a hide-covered altar of Uskayaw.
  3993 | D:4      | Found a basalt altar of Yredelemnul.
  4732 | D:4      | Reached skill level 7 in Conjurations
  4732 | D:4      | Reached XP level 7. HP: 27/37 MP: 17/17
  4848 | D:4      | Killed Blork the orc
  4848 | D:4      | Reached skill level 1 in Fighting
  4999 | D:4      | Noticed Natasha
  5004 | D:4      | Killed Natasha
  5285 | D:5      | Entered Level 5 of the Dungeon
  5303 | D:5      | Reached * piety under Vehumet
  5303 | D:5      | Offered knowledge of Shock by Vehumet.
  5406 | D:5      | Learned a level 4 spell: Iskenderun's Mystic Blast
  5547 | D:5      | Noticed Duvessa
  5649 | D:4      | Noticed Natasha
  5653 | D:4      | Killed Natasha
  5791 | D:5      | Found a glowing golden altar of the Shining One.
  5845 | D:5      | Found an ancient bone altar of Kikubaaqudgha.
  5874 | D:5      | Reached XP level 8. HP: 44/44 MP: 19/19
  5920 | D:5      | Killed Duvessa
  5920 | D:5      | Reached skill level 8 in Conjurations
  5944 | D:5      | Noticed Dowan
  5953 | D:5      | Killed Dowan
  6328 | D:5      | Noticed Edmund
  6333 | D:5      | Killed Edmund
  6407 | D:5      | Learned a level 1 spell: Shock
  6669 | D:5      | Reached skill level 1 in Air Magic
  7065 | D:6      | Reached skill level 5 in Dodging
  7086 | D:6      | Offered knowledge of Flame Tongue by Vehumet.
  7086 | D:6      | Reached skill level 5 in Stealth
  7097 | D:5      | Learned a level 1 spell: Flame Tongue
  7233 | D:6      | Reached ** piety under Vehumet
  7234 | D:6      | Reached skill level 9 in Conjurations
  7252 | D:6      | Reached skill level 1 in Fire Magic
  7252 | D:6      | Reached XP level 9. HP: 42/49 MP: 22/22
  7956 | D:7      | Found a sparkling altar of Nemelex Xobeh.
  8036 | D:7      | Found a stormy altar of Qazlal.
  8194 | D:7      | Found a shimmering altar of Xom.
  8230 | D:7      | Found a snail-covered altar of Cheibriados.
  8528 | D:7      | Got a faintly humming ring mail
  8562 | D:7      | Found a staircase to the Ecumenical Temple.
  8571 | Temple   | Entered the Ecumenical Temple
  8682 | D:7      | Found Laar's Magic Scroll Emporium.
  8739 | D:7      | Bought a scroll of blinking for 105 gold pieces
  8739 | D:7      | Bought 3 scrolls of identify for 84 gold pieces
  8739 | D:7      | Bought a scroll of teleportation for 42 gold pieces
  8834 | D:8      | Found a snail-covered altar of Cheibriados.
  8921 | D:8      | Reached skill level 1 in Shields
  8993 | D:8      | Noticed a centaur warrior
  8994 | D:8      | Shot with an arrow by a centaur warrior

Skill      XL: |  1  2  3  4  5  6  7  8  9 |
---------------+----------------------------+-----
Conjurations   | 5 6 7 9 |  9.7
Spellcasting   | 4 5 6 7 8 |  8.0
Hexes          | 1 2 |  2.7
Translocations | 1 2 |  2.1
Dodging        | 3 4 5 |  5.7
Fighting       | 1 2 3 |  3.5
Stealth        | 3 5 6 |  6.0
Air Magic      | 1 |  1.5
Fire Magic     | 1 3 |  3.2
Shields        | 1 |  1.6

Action                   |  1- 3 |  4- 6 |  7- 9 || total
-------------------------+-------+-------+-------++-------
Melee: Short sword       |     9 |       |       ||     9
       Staff             |       |     3 |       ||     3
Throw: Stone             |       |     3 |       ||     3
 Cast: Magic Dart        |    47 |    80 |    80 ||   207
       Searing Ray       |     3 |     9 |    50 ||    62
       Force Lance       |       |     5 |     9 ||    14
       Dazzling Spray    |       |     5 |     1 ||     6
       Fulminant Prism   |       |     4 |    22 ||    26
       Iskenderun's Myst |       |       |     7 ||     7
       Flame Tongue      |       |       |    22 ||    22
  Use: Scroll            |       |     2 |     9 ||    11
  Eat: Chunk             |     2 |    16 |    18 ||    36
       Royal jelly       |       |     1 |       ||     1
Armor: Robe              |     3 |     2 |    14 ||    19
Dodge: Dodged            |    13 |    13 |    29 ||    55
Block: Shield            |       |       |     5 ||     5
